 Dungeon Crawl Stone Soup version 0.31.0-12-g77e489cdc1 (webtiles) character file.

Game seed: 7082666737744137838

88 ChrisAssaf the Trooper (level 4, -10/30 (35) HPs)
             Began as a Djinni Chaos Knight on Mar 5, 2024.
             Was a Plaything of Xom.
             Mangled by an ogre
             ... wielding a +0 giant club
              (23 damage)
             ... on level 5 of the Dungeon.
             The game lasted 00:05:17 (1518 turns).

ChrisAssaf the Trooper (Djinni Chaos Knight)        Turns: 1518, Time: 00:05:21

HP:   -10/30 (35)   AC:  7    Str: 11    XL:     4   Next: 81%
Gold: 82            EV: 11    Int: 16    God:    Xom [....*.] SH:  5 Dex: 12

rFire   + + .        a - +0 hand axe (chaos)
rCold   x . .        e - +1 buckler
rNeg    . . .        b - +2 leather armour
rPois   ∞            g - +2 hat
rElec   .            d - scarf {repulsion}
rCorr   .            (no gloves)
SInv    .            (boots unavailable)
Will    .....        (no amulet)
Stlth   +            (no ring)
HPRegen 0.25/turn    (no ring)
MPRegen 0.00/turn

%: repel missiles, infuse magic (-11 HP)
@: flying, heavily drained
A: sickness immunity, fire resistance 2, cold vulnerability 1, float, innate
caster, HP casting, extra vitality 1
a: Renounce Religion


You were on level 5 of the Dungeon.
You worshipped Xom.
You were a beloved toy of Xom.
You visited 1 branch of the dungeon, and saw 5 of its levels.

You collected 82 gold pieces.

Inventory:

Hand Weapons
 a - a +0 hand axe of chaos (weapon)
Armour
 b - a +2 leather armour (worn)
 d - a scarf of repulsion (worn)
 e - a +1 buckler (worn)
 g - a +2 hat (worn)
Jewellery
 i - a ring of fire
Wands
 o - a wand of mindburst (7)
Scrolls
 c - a scroll of butterflies
 k - a scroll of fear
Potions
 h - a potion of brilliance
 j - 2 potions of heal wounds
 l - a potion of enlightenment
 m - a potion of degeneration {unknown}
 n - a potion of cancellation {unknown}


   Skills:
 * Level 3.4 Fighting
 * Level 3.2 Axes
 * Level 1.5 Armour
 * Level 2.5 Dodging
 * Level 1.1 Stealth
 * Level 0.9 Shields
 * Level 0.2 Evocations


You knew the following spells:

 Your Spells              Type           Power      Damage    Failure   Level
a - Kiss of Death         Conj/Necr      0%         2d5       43%         1
Your spell library was empty.

Dungeon Overview and Level Annotations

Branches:
Dungeon (6/15)
 Temple: D:4-7

Altars:


Innate Abilities, Weirdness & Mutations

You are immune to sickness and miasma.
You are immune to poison.
Your flesh is very heat resistant. (rF++)
You are vulnerable to cold. (rC-)
You float through the air rather than walking.
You learn spells naturally, not from books.
Your magical power is your life essence.
You have superior vitality. (+4 MHP)


Message History

The shaft crumbles and collapses.
Found a book of Iron.
Found a stone staircase leading up.
j - 2 potions of heal wounds (gained 1)
There is a stone staircase leading up here.
You fly upwards.
You hear the hiss of flowing sand.
There is an entrance to an ossuary on this level.
Hurry and find it before the portal is buried!
There is a stone staircase leading down here.
As you read the scroll of revelation, it crumbles to dust.
You feel aware of your surroundings.
You sensed 1 shop/portal.
The ogre shouts!
Aiming: Mindburst
Press: ? - help, Shift-Dir - straight line, f - ogre
Aim: an ogre, wielding a +0 giant club (chance to affect: 64%)
The ogre struggles to resist.
Aiming: Mindburst
Press: ? - help, Shift-Dir - straight line, f/p - ogre
Aim: an ogre, wielding a +0 giant club (chance to affect: 64%)
The ogre struggles to resist.
You hear a bark!
Unknown command.
Aiming: Mindburst
Press: ? - help, Shift-Dir - straight line, f/p - ogre
Aim: an ogre, wielding a +0 giant club (chance to affect: 64%)
The ogre's mind is blasted!
You block the ogre's attack.
Unknown command.
Aiming: Mindburst
Press: ? - help, Shift-Dir - straight line, f/p - ogre
Aim: an ogre, wielding a +0 giant club (heavily wounded, chance to affect: 64%)
The ogre's mind is blasted!
The ogre hits you with a +0 giant club!!
Ouch! That really hurt!
A hound comes into view.
You hit the ogre. You burn the ogre.
The ogre is almost dead.
You closely miss the hound. The hound bites you but does no damage.
The ogre hits you with a +0 giant club!!
Ouch! That really hurt!
You die...
Xom snickers!

,*,**,,*,***,,,,,,,,,* *,* *,
,,,,,,...#...........# *,*****,
,,,,,,####.#####.##### *,,,,,,,
******####.#####..#####*********,
* ##..............,,,* *, *
*##.#..###.....###*,* ** *
**......###.......#*,*****
*,......###..h..#.,,,,,,,*
*,.#.##..>.O@#....,,,,**,**
*,.#..#.####.#.###*,,,,,,,*
*,.##.#.####.#....,,,,***,**
*,.##.#.##.....###*,,** **,*
*,......##.....###*,,* *,*
**....####.....###*,,** **,*
*.#######.....###*,*,***,**
*.#######.....###*,,,,,,,* *,*
******* ****,****


You could see an ogre and a hound.

Vanquished Creatures
  4 adders
  A dart slug (D:1)
  3 ribbon worms
  4 orcs (D:3)
  A bat (D:1)
  4 endoplasms
  A giant cockroach (D:3)
  6 goblins
  A hobgoblin (D:2)
  2 kobolds (D:1)
  2 quokkas
  4 ball pythons
  5 frilled lizards
  2 rats
40 creatures vanquished.

Notes
Turn   | Place    | Note
-------+----------+-------------------------------------------
     0 | D:1      | ChrisAssaf the Djinni Chaos Knight began the quest for the
                  | Orb.
     0 | D:1      | Reached XP level 1. HP: 20/20 MP: 0/0
   151 | D:1      | Found a faded altar of an unknown god.
   172 | D:1      | Reached XP level 2. HP: 25/25 MP: 0/0
   420 | D:1      | XOM: silly message
   547 | D:1      | Reached XP level 3. HP: 30/30 MP: 0/0
   547 | D:1      | Learned a level 1 spell: Kiss of Death
   782 | D:2      | XOM: enchant monster (bad)
   864 | D:2      | XOM: butterfly on damage
   940 | D:2      | XOM: butterfly on damage
  1200 | D:2      | XOM: silly message
  1284 | D:3      | Reached XP level 4. HP: 22/29 MP: 0/0
  1345 | D:3      | Reached skill level 1 in Stealth
  1494 | D:3      | You are sucked into a shaft and drop 3 floors!
  1509 | D:5      | Entered Level 5 of the Dungeon
  1509 | D:5      | Noticed an ogre
  1518 | D:5      | Mangled by an ogre

Illustrated notes

Levels and vault maps discovered:
D:1:      psy_arrival_radial02, layout_loops_ring,
          hellmonk_ecumenical_altar_run_dry
D:2:      layout_basic
D:3:      layout_rooms
D:5:      layout_loops_cross, gup_ossuary_entry_pyramid, grunt_ministairs_10
D:6:      layout_rooms, minmay_temple_entry_gardened_gates, uniq_edmund

Skill      XL: |  1  2  3  4 |
---------------+-------------+-----
Axes           | 3 |  3.2
Stealth        | 1 |  1.1
Fighting       | |  3.4
Armour         | |  1.5
Dodging        | |  2.5
Shields        | |  0.9
Evocations     | |  0.2

Action                     |  1- 3 |  4- 6 || total
---------------------------+-------+-------++-------
  Melee: Hand axe          |    96 |    25 ||   121
   Cast: Kiss of Death     |     2 |       ||     2
  Evoke: Wand              |       |     5 ||     5
    Use: Scroll            |    10 |     1 ||    11
   Stab: Petrified         |    11 |       ||    11
         Paralysed         |       |     1 ||     1
 Armour: Leather armour    |    53 |    27 ||    80
  Dodge: Dodged            |    46 |    22 ||    68
         Repelled          |     4 |       ||     4
  Block: Buckler           |    13 |     7 ||    20
